[ PARTIDA AOE2 · #482004432 ]
UnrankedPersas vs Italians
[ ANÁLISIS DE REPETICIÓN · EXTRAÍDO DE LA PARTIDA GRABADA ]
Feudal
13:54
Castillos
21:20
Imperial
—
| APM promedio | 14.1 |
| APM pico | 41 |
| eAPM promedio | 8.3 |
| Aldeanos / militares | 74 / 94 |
Foco
⚔️ 34.5% · 🌾 65.5%
Camel Scout ×41 · Knight ×30 · Fishing Ship ×13 · Scorpion ×10 · Battering Ram ×5 · Unknown (2626) ×4
Feudal
14:29
Castillos
21:19
Imperial
—
| APM promedio | 19.7 |
| APM pico | 43 |
| eAPM promedio | 10.1 |
| Aldeanos / militares | 62 / 53 |
Foco
⚔️ 27.4% · 🌾 72.6%
Archer ×20 · Fishing Ship ×16 · Skirmisher ×10 · Scout Cavalry ×9 · Knight ×5 · Mangonel ×3
Feudal
14:11
Castillos
23:28
Imperial
40:09
| APM promedio | 23.3 |
| APM pico | 45 |
| eAPM promedio | 11.4 |
| Aldeanos / militares | 83 / 73 |
Foco
⚔️ 35.3% · 🌾 64.7%
Magyar Huszar ×33 · Spearman ×19 · Fishing Ship ×10 · Mangonel ×8 · Monk ×4 · Trebuchet (Packed) ×4
Feudal
14:18
Castillos
23:31
Imperial
38:15
| APM promedio | 22.4 |
| APM pico | 54 |
| eAPM promedio | 12.0 |
| Aldeanos / militares | 59 / 98 |
Foco
⚔️ 44.8% · 🌾 55.2%
Genoese Crossbowman ×65 · Fishing Ship ×11 · Archer ×10 · Unknown (882) ×7 · Trebuchet (Packed) ×5 · Fire Galley ×4
Mapa de la partida
Recursos iniciales + cada clic de construcción. Líneas = muros · curvas = relieve. ◆ oro · ⬟ piedra · ● bayas · ✦ reliquia · ◌ hueco del cierre
Tu base· Abierta — flanco sin cerrar
Base de edixozambrano94· Abierta — hueco de 7t
Base de Yoda· Abierta — hueco de 7t
Base de Doraso Troncoso de Elite· Abierta — flanco sin cerrar
Terreno inicial suavizado · ◌ = hueco del cierre detectado · pasá el cursor para detalles
Inputs por minuto
— chin chu lin - - edixozambrano94
Build order — chin chu lin
Primeras 150 de 251 acciones detectadas
| 1:15 | Construir | Town Center |
| 1:48 | Construir | House |
| 3:20 | Crear | Villager (Male) |
| 3:20 | Crear | Villager (Male) |
| 3:20 | Crear | Villager (Male) |
| 3:20 | Crear | Villager (Male) |
| 3:21 | Crear | Villager (Male) |
| 3:21 | Crear | Villager (Male) |
| 3:21 | Crear | Villager (Male) |
| 4:18 | Construir | Dock |
| 4:21 | Construir | House |
| 4:28 | Investigar | Loom |
| 5:08 | Crear | Fishing Ship |
| 5:13 | Crear | Villager (Male) |
| 5:13 | Crear | Villager (Male) |
| 5:13 | Crear | Villager (Male) |
| 5:56 | Crear | Villager (Male) |
| 5:56 | Crear | Villager (Male) |
| 5:56 | Crear | Villager (Male) |
| 6:25 | Crear | Villager (Male) |
| 6:25 | Crear | Villager (Male) |
| 6:30 | Crear | Fishing Ship |
| 7:03 | Construir | House |
| 7:13 | Crear | Villager (Male) |
| 7:13 | Crear | Villager (Male) |
| 7:24 | Crear | Villager (Male) |
| 7:24 | Crear | Villager (Male) |
| 7:25 | Crear | Villager (Male) |
| 7:25 | Crear | Villager (Male) |
| 7:42 | Crear | Fishing Ship |
| 8:29 | Crear | Villager (Male) |
| 8:30 | Crear | Villager (Male) |
| 8:30 | Crear | Villager (Male) |
| 8:30 | Crear | Villager (Male) |
| 8:30 | Crear | Villager (Male) |
| 8:37 | Construir | House |
| 9:28 | Construir | Lumber Camp |
| 9:34 | Construir | Mill |
| 10:45 | Crear | Villager (Male) |
| 11:50 | Investigar | Feudal Age |
| 12:01 | Crear | Fishing Ship |
| 12:03 | Crear | Fishing Ship |
| 12:38 | Construir | Barracks |
| 12:51 | Construir | Mining Camp |
| 13:11 | Construir | House |
| 13:12 | Construir | House |
| 13:46 | Crear | Villager (Male) |
| 13:47 | Crear | Villager (Male) |
| 13:47 | Crear | Villager (Male) |
| 13:47 | Crear | Villager (Male) |
| 13:48 | Crear | Villager (Male) |
| 13:48 | Crear | Villager (Male) |
| 13:54 | Edad | Edad Feudal |
| 14:01 | Construir | House |
| 14:13 | Construir | Blacksmith |
| 14:29 | Crear | Fishing Ship |
| 14:52 | Crear | Villager (Male) |
| 14:52 | Crear | Villager (Male) |
| 14:52 | Crear | Villager (Male) |
| 15:01 | Construir | House |
| 15:06 | Investigar | Double-Bit Axe |
| 15:44 | Crear | Unit 2626 |
| 15:46 | Crear | Fire Galley |
| 16:55 | Crear | Unit 2626 |
| 16:56 | Crear | Fire Galley |
| 17:34 | Construir | Market |
| 17:43 | Construir | Stable |
| 17:44 | Construir | Stable |
| 17:49 | Crear | Villager (Male) |
| 18:47 | Crear | Unit 2626 |
| 18:48 | Crear | Fire Galley |
| 18:49 | Crear | Unit 2626 |
| 18:54 | Investigar | Castle Age |
| 18:59 | Investigar | Gold Mining |
| 19:09 | Construir | Mining Camp |
| 19:53 | Construir | Dock |
| 20:28 | Crear | Villager (Male) |
| 20:51 | Construir | Farm |
| 20:52 | Construir | Farm |
| 21:20 | Edad | Edad de los Castillos |
| 21:21 | Investigar | Bloodlines |
| 21:22 | Crear | Knight |
| 21:24 | Crear | Knight |
| 21:25 | Crear | Knight |
| 21:29 | Investigar | Forging |
| 21:37 | Crear | Knight |
| 21:43 | Crear | Camel Scout |
| 22:09 | Crear | Villager (Male) |
| 22:09 | Crear | Villager (Male) |
| 22:09 | Crear | Villager (Male) |
| 22:45 | Crear | Camel Scout |
| 22:47 | Crear | Knight |
| 23:00 | Construir | Stone Wall |
| 24:08 | Investigar | Husbandry |
| 24:18 | Construir | Farm |
| 24:18 | Construir | Farm |
| 24:19 | Construir | Farm |
| 24:20 | Construir | Farm |
| 24:21 | Construir | Farm |
| 24:22 | Construir | Farm |
| 24:26 | Crear | Villager (Male) |
| 24:31 | Construir | House |
| 24:32 | Construir | House |
| 25:02 | Construir | Gate |
| 25:11 | Construir | Stone Wall |
| 25:18 | Crear | Knight |
| 25:19 | Crear | Knight |
| 26:06 | Construir | House |
| 26:07 | Construir | House |
| 26:30 | Crear | Camel Scout |
| 26:31 | Crear | Knight |
| 26:34 | Crear | Knight |
| 27:19 | Construir | Dock |
| 27:38 | Investigar | Iron Casting |
| 28:05 | Crear | Knight |
| 28:06 | Crear | Knight |
| 28:06 | Crear | Knight |
| 28:06 | Crear | Knight |
| 28:56 | Construir | Siege Workshop |
| 29:01 | Investigar | Tech 906 |
| 29:01 | Crear | Fishing Ship |
| 29:02 | Crear | Fishing Ship |
| 29:11 | Crear | Fishing Ship |
| 29:12 | Crear | Fishing Ship |
| 29:13 | Crear | Fishing Ship |
| 29:13 | Crear | Fishing Ship |
| 29:13 | Crear | Fishing Ship |
| 29:44 | Crear | Knight |
| 29:46 | Crear | Knight |
| 29:46 | Crear | Knight |
| 29:46 | Crear | Knight |
| 29:47 | Crear | Knight |
| 30:06 | Crear | Villager (Male) |
| 30:06 | Crear | Villager (Male) |
| 31:03 | Crear | Battering Ram |
| 31:05 | Crear | Scorpion |
| 31:07 | Crear | Battering Ram |
| 31:12 | Construir | House |
| 31:13 | Construir | House |
| 31:25 | Crear | Knight |
| 31:26 | Crear | Knight |
| 31:34 | Construir | House |
| 31:35 | Construir | House |
| 32:35 | Crear | Villager (Male) |
| 32:35 | Crear | Villager (Male) |
| 32:36 | Crear | Villager (Male) |
| 32:36 | Crear | Villager (Male) |
| 32:36 | Crear | Villager (Male) |
| 32:36 | Crear | Villager (Male) |
| 32:36 | Crear | Villager (Male) |
Build order — edixozambrano94
Primeras 150 de 215 acciones detectadas
| 0:36 | Construir | Town Center |
| 1:43 | Construir | Dock |
| 2:02 | Construir | House |
| 3:05 | Crear | Villager (Male) |
| 3:05 | Crear | Villager (Male) |
| 3:11 | Crear | Villager (Male) |
| 3:11 | Crear | Villager (Male) |
| 4:10 | Crear | Villager (Male) |
| 4:53 | Crear | Fishing Ship |
| 4:55 | Crear | Villager (Male) |
| 5:26 | Construir | House |
| 5:41 | Crear | Villager (Male) |
| 5:44 | Investigar | Loom |
| 5:46 | Crear | Villager (Male) |
| 6:10 | Crear | Fishing Ship |
| 6:41 | Crear | Villager (Male) |
| 6:47 | Crear | Fishing Ship |
| 7:10 | Crear | Fishing Ship |
| 7:13 | Crear | Villager (Male) |
| 7:30 | Construir | House |
| 7:47 | Crear | Villager (Male) |
| 7:48 | Crear | Villager (Male) |
| 8:00 | Construir | House |
| 8:07 | Crear | Villager (Male) |
| 8:07 | Crear | Villager (Male) |
| 8:08 | Crear | Villager (Male) |
| 8:23 | Crear | Fishing Ship |
| 8:34 | Crear | Villager (Male) |
| 9:47 | Construir | Lumber Camp |
| 9:55 | Crear | Villager (Male) |
| 9:56 | Crear | Villager (Male) |
| 9:56 | Crear | Villager (Male) |
| 10:05 | Construir | House |
| 10:29 | Construir | Mill |
| 10:36 | Crear | Fishing Ship |
| 10:36 | Crear | Fishing Ship |
| 10:37 | Crear | Fishing Ship |
| 11:02 | Crear | Villager (Male) |
| 11:07 | Crear | Villager (Male) |
| 11:08 | Crear | Villager (Male) |
| 11:27 | Crear | Villager (Male) |
| 11:28 | Crear | Villager (Male) |
| 11:33 | Crear | Fishing Ship |
| 11:51 | Construir | House |
| 12:17 | Investigar | Feudal Age |
| 12:33 | Construir | Barracks |
| 12:46 | Crear | Fishing Ship |
| 12:46 | Crear | Fishing Ship |
| 12:47 | Crear | Fishing Ship |
| 13:03 | Construir | Mining Camp |
| 13:11 | Crear | Villager (Male) |
| 13:11 | Crear | Villager (Male) |
| 13:12 | Crear | Villager (Male) |
| 13:45 | Construir | House |
| 14:21 | Construir | Dock |
| 14:29 | Edad | Edad Feudal |
| 14:31 | Investigar | Double-Bit Axe |
| 14:47 | Construir | Archery Range |
| 15:01 | Investigar | Tech 906 |
| 15:05 | Crear | Fishing Ship |
| 15:05 | Crear | Fishing Ship |
| 15:20 | Crear | Villager (Male) |
| 15:20 | Crear | Villager (Male) |
| 15:21 | Crear | Villager (Male) |
| 15:22 | Crear | Villager (Male) |
| 15:28 | Construir | House |
| 15:29 | Construir | House |
| 15:36 | Construir | House |
| 15:39 | Crear | Archer |
| 15:39 | Crear | Archer |
| 15:39 | Crear | Archer |
| 15:41 | Crear | Archer |
| 15:41 | Crear | Archer |
| 16:13 | Crear | Fishing Ship |
| 16:14 | Crear | Fishing Ship |
| 16:34 | Construir | Blacksmith |
| 16:42 | Crear | Villager (Male) |
| 16:43 | Crear | Villager (Male) |
| 16:43 | Crear | Villager (Male) |
| 16:44 | Crear | Villager (Male) |
| 16:54 | Crear | Spearman |
| 16:55 | Crear | Spearman |
| 17:39 | Construir | Farm |
| 17:39 | Construir | Farm |
| 17:39 | Construir | Farm |
| 17:40 | Construir | Farm |
| 17:40 | Construir | Farm |
| 17:40 | Construir | Farm |
| 17:40 | Construir | Farm |
| 17:41 | Construir | Farm |
| 17:41 | Construir | Farm |
| 17:41 | Construir | Farm |
| 17:41 | Construir | Farm |
| 17:46 | Crear | Villager (Male) |
| 17:46 | Crear | Villager (Male) |
| 18:04 | Construir | House |
| 18:06 | Construir | House |
| 18:07 | Construir | House |
| 18:09 | Construir | House |
| 18:17 | Crear | Villager (Male) |
| 18:18 | Crear | Villager (Male) |
| 18:18 | Crear | Villager (Male) |
| 18:24 | Investigar | Castle Age |
| 18:40 | Construir | House |
| 18:42 | Construir | House |
| 19:07 | Crear | Archer |
| 19:08 | Crear | Archer |
| 19:08 | Crear | Archer |
| 19:08 | Crear | Archer |
| 19:21 | Investigar | Padded Archer Armor |
| 19:31 | Investigar | Fletching |
| 19:39 | Crear | Villager (Male) |
| 19:39 | Crear | Villager (Male) |
| 20:16 | Construir | Farm |
| 20:16 | Construir | Farm |
| 20:21 | Construir | Farm |
| 20:21 | Construir | Farm |
| 20:22 | Construir | Farm |
| 20:22 | Construir | Farm |
| 20:22 | Construir | Farm |
| 20:22 | Construir | Farm |
| 20:23 | Construir | Farm |
| 21:07 | Crear | Archer |
| 21:07 | Crear | Archer |
| 21:08 | Crear | Archer |
| 21:19 | Edad | Edad de los Castillos |
| 21:31 | Investigar | Thumb Ring |
| 21:50 | Construir | Town Center |
| 21:59 | Crear | Villager (Male) |
| 22:00 | Crear | Villager (Male) |
| 22:00 | Crear | Villager (Male) |
| 22:02 | Investigar | Town Watch |
| 22:08 | Investigar | Gillnets |
| 23:01 | Investigar | Bodkin Arrow |
| 23:02 | Investigar | Leather Archer Armor |
| 23:04 | Crear | Archer |
| 23:08 | Crear | Villager (Male) |
| 23:08 | Crear | Villager (Male) |
| 23:21 | Construir | Outpost |
| 23:23 | Construir | Outpost |
| 23:25 | Construir | Outpost |
| 23:30 | Construir | Outpost |
| 24:24 | Construir | Market |
| 24:32 | Crear | Archer |
| 24:33 | Crear | Archer |
| 24:37 | Investigar | Crossbowman (upgrade) |
| 25:43 | Construir | Watch Tower |
| 25:54 | Construir | Mining Camp |
| 27:12 | Construir | Siege Workshop |
| 27:39 | Investigar | Elite Skirmisher (upgrade) |
Build order — Yoda
Primeras 150 de 304 acciones detectadas
| 0:08 | Construir | Town Center |
| 0:42 | Construir | House |
| 1:03 | Construir | House |
| 2:32 | Crear | Villager (Male) |
| 2:33 | Crear | Villager (Male) |
| 3:10 | Crear | Villager (Male) |
| 3:16 | Crear | Villager (Male) |
| 3:57 | Crear | Villager (Male) |
| 4:47 | Crear | Villager (Male) |
| 4:48 | Crear | Villager (Male) |
| 5:10 | Construir | Dock |
| 6:07 | Crear | Villager (Male) |
| 6:07 | Crear | Villager (Male) |
| 6:26 | Crear | Villager (Male) |
| 6:27 | Crear | Villager (Male) |
| 6:53 | Crear | Villager (Male) |
| 7:32 | Construir | House |
| 7:44 | Crear | Fishing Ship |
| 8:15 | Crear | Villager (Male) |
| 8:28 | Crear | Fishing Ship |
| 8:54 | Crear | Villager (Male) |
| 8:54 | Crear | Villager (Male) |
| 8:58 | Construir | Palisade Wall |
| 9:01 | Construir | Palisade Wall |
| 9:03 | Construir | Palisade Wall |
| 9:09 | Construir | Palisade Wall |
| 9:12 | Construir | Palisade Wall |
| 9:29 | Crear | Villager (Male) |
| 9:34 | Crear | Fishing Ship |
| 9:34 | Crear | Fishing Ship |
| 9:44 | Construir | House |
| 9:52 | Construir | House |
| 9:55 | Investigar | Loom |
| 10:14 | Crear | Villager (Male) |
| 10:51 | Construir | Mill |
| 11:13 | Crear | Villager (Male) |
| 11:18 | Crear | Fishing Ship |
| 12:01 | Investigar | Feudal Age |
| 12:02 | Investigar | Feudal Age |
| 12:23 | Crear | Fishing Ship |
| 12:24 | Crear | Fishing Ship |
| 12:29 | Construir | House |
| 12:59 | Construir | House |
| 13:07 | Construir | Barracks |
| 13:42 | Construir | Farm |
| 14:11 | Edad | Edad Feudal |
| 14:13 | Construir | Stable |
| 14:17 | Crear | Villager (Male) |
| 14:17 | Crear | Villager (Male) |
| 14:18 | Crear | Villager (Male) |
| 14:46 | Construir | Farm |
| 14:54 | Crear | Scout Cavalry |
| 14:54 | Crear | Scout Cavalry |
| 14:54 | Crear | Scout Cavalry |
| 14:58 | Construir | Mining Camp |
| 15:05 | Crear | Villager (Male) |
| 15:09 | Crear | Fishing Ship |
| 15:10 | Crear | Fishing Ship |
| 15:10 | Crear | Fishing Ship |
| 15:29 | Construir | Farm |
| 15:55 | Crear | Villager (Male) |
| 16:00 | Construir | House |
| 16:27 | Construir | House |
| 16:54 | Crear | Fire Galley |
| 17:03 | Investigar | Wheelbarrow |
| 18:00 | Crear | Villager (Male) |
| 18:01 | Crear | Villager (Male) |
| 18:14 | Crear | Villager (Male) |
| 18:14 | Crear | Villager (Male) |
| 18:43 | Crear | Villager (Male) |
| 18:43 | Crear | Villager (Male) |
| 18:43 | Crear | Villager (Male) |
| 18:48 | Construir | Farm |
| 19:02 | Construir | Market |
| 19:14 | Construir | Market |
| 19:17 | Construir | Farm |
| 19:38 | Crear | Villager (Male) |
| 19:40 | Construir | Farm |
| 19:47 | Construir | Blacksmith |
| 20:06 | Construir | Farm |
| 20:38 | Construir | Farm |
| 20:48 | Investigar | Castle Age |
| 21:32 | Construir | Gate |
| 22:41 | Construir | Barracks |
| 22:45 | Crear | Spearman |
| 22:45 | Crear | Spearman |
| 22:45 | Crear | Spearman |
| 23:20 | Construir | Gate |
| 23:24 | Construir | Stone Wall |
| 23:28 | Edad | Edad de los Castillos |
| 23:31 | Construir | Monastery |
| 23:44 | Construir | Mining Camp |
| 24:05 | Crear | Villager (Male) |
| 24:06 | Crear | Villager (Male) |
| 24:06 | Crear | Villager (Male) |
| 24:06 | Crear | Villager (Male) |
| 24:07 | Crear | Villager (Male) |
| 24:17 | Crear | Monk |
| 24:17 | Crear | Monk |
| 24:39 | Construir | Stone Wall |
| 24:49 | Construir | Farm |
| 24:53 | Crear | Villager (Male) |
| 25:13 | Construir | Farm |
| 25:28 | Construir | Farm |
| 25:39 | Construir | Gate |
| 25:43 | Construir | Stone Wall |
| 26:01 | Crear | Villager (Male) |
| 26:01 | Crear | Villager (Male) |
| 26:09 | Construir | House |
| 26:10 | Construir | House |
| 26:14 | Construir | Stone Wall |
| 26:29 | Construir | Town Center |
| 26:29 | Crear | Villager (Male) |
| 26:30 | Crear | Villager (Male) |
| 27:04 | Investigar | Sanctity |
| 27:32 | Construir | Lumber Camp |
| 27:54 | Construir | Gate |
| 27:57 | Construir | Stone Wall |
| 28:15 | Crear | Monk |
| 28:15 | Crear | Monk |
| 28:36 | Construir | Farm |
| 28:38 | Investigar | Town Watch |
| 28:39 | Crear | Villager (Male) |
| 28:40 | Crear | Villager (Male) |
| 28:40 | Crear | Villager (Male) |
| 28:40 | Crear | Villager (Male) |
| 29:35 | Construir | Farm |
| 29:35 | Construir | Farm |
| 30:19 | Construir | Stone Wall |
| 30:25 | Construir | Gate |
| 30:48 | Construir | Farm |
| 30:49 | Construir | Farm |
| 30:58 | Construir | Farm |
| 31:13 | Investigar | Pikeman (upgrade) |
| 31:16 | Investigar | Scale Mail Armor |
| 31:24 | Crear | Villager (Male) |
| 31:24 | Crear | Villager (Male) |
| 31:24 | Crear | Villager (Male) |
| 31:42 | Construir | Castle |
| 31:44 | Investigar | Gold Mining |
| 31:46 | Investigar | Double-Bit Axe |
| 31:50 | Crear | Villager (Male) |
| 31:51 | Crear | Villager (Male) |
| 31:51 | Crear | Villager (Male) |
| 31:53 | Construir | House |
| 32:15 | Construir | Farm |
| 32:16 | Construir | Farm |
| 32:49 | Crear | Spearman |
| 32:49 | Crear | Spearman |
| 32:50 | Crear | Spearman |
Build order — Doraso Troncoso de Elite
Primeras 150 de 171 acciones detectadas
| 0:10 | Construir | House |
| 0:43 | Construir | Town Center |
| 1:52 | Construir | Dock |
| 2:52 | Crear | Villager (Male) ×4 |
| 4:04 | Crear | Fishing Ship |
| 4:31 | Crear | Villager (Male) |
| 4:47 | Crear | Fishing Ship |
| 5:12 | Crear | Fishing Ship |
| 5:19 | Investigar | Loom |
| 6:03 | Construir | House |
| 6:14 | Crear | Villager (Male) |
| 6:22 | Construir | House |
| 7:32 | Crear | Villager (Male) ×5 |
| 7:36 | Crear | Fishing Ship |
| 8:34 | Crear | Villager (Male) |
| 9:06 | Crear | Villager (Male) ×4 |
| 9:10 | Crear | Fishing Ship |
| 9:27 | Construir | House |
| 10:00 | Crear | Fishing Ship |
| 10:39 | Construir | House |
| 10:40 | Construir | House |
| 10:53 | Construir | House |
| 11:31 | Construir | Mining Camp |
| 11:47 | Construir | Mill |
| 12:08 | Investigar | Feudal Age |
| 12:36 | Crear | Transport Ship |
| 12:57 | Crear | Fishing Ship |
| 12:58 | Crear | Fishing Ship |
| 14:18 | Edad | Edad Feudal |
| 14:29 | Construir | Dock |
| 14:33 | Crear | Unit 2626 |
| 14:33 | Crear | Fire Galley |
| 15:13 | Crear | Fishing Ship |
| 15:13 | Crear | Fishing Ship |
| 15:13 | Crear | Fishing Ship |
| 15:18 | Crear | Villager (Male) |
| 15:19 | Crear | Villager (Male) |
| 15:19 | Crear | Villager (Male) |
| 15:40 | Crear | Fire Galley |
| 16:48 | Construir | House |
| 16:50 | Construir | House |
| 16:51 | Construir | House |
| 17:22 | Construir | Barracks |
| 17:23 | Crear | Villager (Male) |
| 17:24 | Crear | Villager (Male) |
| 17:25 | Crear | Villager (Male) |
| 18:15 | Construir | Mining Camp |
| 18:20 | Crear | Spearman |
| 18:21 | Crear | Spearman |
| 18:30 | Crear | Villager (Male) |
| 18:31 | Crear | Villager (Male) |
| 18:33 | Crear | Villager (Male) |
| 18:35 | Crear | Villager (Male) |
| 19:24 | Construir | Archery Range |
| 19:27 | Crear | Spearman |
| 19:56 | Crear | Villager (Male) |
| 19:57 | Crear | Villager (Male) |
| 19:58 | Crear | Villager (Male) |
| 20:10 | Construir | Blacksmith |
| 20:40 | Crear | Archer |
| 20:40 | Crear | Archer |
| 20:41 | Crear | Archer |
| 20:47 | Investigar | Stone Mining |
| 20:49 | Investigar | Castle Age |
| 21:04 | Construir | House |
| 21:05 | Construir | House |
| 21:06 | Construir | House |
| 21:22 | Construir | House |
| 21:25 | Construir | House |
| 21:41 | Investigar | Fletching |
| 21:41 | Investigar | Padded Archer Armor |
| 21:44 | Investigar | Forging |
| 21:47 | Investigar | Scale Mail Armor |
| 21:55 | Crear | Archer |
| 21:55 | Crear | Skirmisher |
| 22:04 | Construir | House |
| 22:24 | Crear | Villager (Male) |
| 22:24 | Crear | Villager (Male) |
| 23:31 | Edad | Edad de los Castillos |
| 24:21 | Investigar | Crossbowman (upgrade) |
| 24:30 | Construir | Castle |
| 24:44 | Construir | Siege Workshop |
| 24:56 | Investigar | Elite Skirmisher (upgrade) |
| 25:12 | Crear | Mangonel |
| 26:10 | Investigar | Thumb Ring |
| 26:58 | Crear | Mangonel |
| 27:27 | Crear | Villager (Male) |
| 27:27 | Crear | Villager (Male) |
| 27:40 | Crear | Genoese Crossbowman |
| 27:40 | Crear | Genoese Crossbowman |
| 27:41 | Crear | Genoese Crossbowman |
| 27:47 | Investigar | Bodkin Arrow |
| 28:26 | Crear | Villager (Male) |
| 28:26 | Crear | Villager (Male) |
| 28:34 | Crear | Fire Galley |
| 28:47 | Crear | Villager (Male) |
| 28:52 | Investigar | Tech 906 |
| 31:34 | Construir | Castle |
| 31:54 | Construir | Lumber Camp |
| 32:01 | Crear | Battering Ram |
| 32:55 | Construir | Mining Camp |
| 33:32 | Crear | Mangonel |
| 33:48 | Construir | Mining Camp |
| 35:05 | Investigar | Imperial Age |
| 35:21 | Crear | Genoese Crossbowman |
| 35:22 | Crear | Genoese Crossbowman |
| 35:58 | Crear | Genoese Crossbowman |
| 35:59 | Crear | Genoese Crossbowman |
| 36:33 | Construir | Barracks |
| 36:40 | Crear | Genoese Crossbowman |
| 36:40 | Crear | Genoese Crossbowman |
| 36:40 | Crear | Genoese Crossbowman |
| 38:15 | Edad | Edad Imperial |
| 38:31 | Crear | Trebuchet (Packed) |
| 38:31 | Crear | Trebuchet (Packed) |
| 39:44 | Crear | Trebuchet (Packed) |
| 39:47 | Crear | Trebuchet (Packed) |
| 40:20 | Crear | Unit 882 |
| 40:21 | Crear | Unit 882 |
| 41:20 | Construir | Lumber Camp |
| 41:22 | Investigar | Double-Bit Axe |
| 41:28 | Construir | University |
| 41:59 | Crear | Genoese Crossbowman ×3 |
| 41:59 | Crear | Genoese Crossbowman ×3 |
| 42:26 | Construir | Castle |
| 42:32 | Investigar | Treadmill Crane |
| 43:01 | Crear | Unit 882 ×2 |
| 43:30 | Crear | Villager (Male) ×5 |
| 43:32 | Crear | Villager (Male) ×5 |
| 43:41 | Construir | Mining Camp |
| 44:26 | Crear | Genoese Crossbowman ×4 |
| 45:04 | Crear | Trebuchet (Packed) |
| 45:13 | Crear | Skirmisher |
| 45:13 | Crear | Skirmisher |
| 45:19 | Investigar | Chain Mail Armor |
| 45:32 | Investigar | Squires |
| 45:39 | Investigar | Hoardings |
| 46:14 | Crear | Unit 882 |
| 46:14 | Crear | Unit 882 |
| 46:14 | Crear | Unit 882 |
| 47:03 | Crear | Genoese Crossbowman ×5 |
| 47:03 | Crear | Genoese Crossbowman ×5 |
| 47:03 | Crear | Genoese Crossbowman ×5 |
| 49:12 | Construir | Town Center |
| 49:28 | Investigar | Ballistics |
| 49:29 | Investigar | Chemistry |
| 50:20 | Crear | Unit 2626 |
| 50:20 | Crear | Fire Galley |
| 50:21 | Crear | Unit 2626 |
| 50:41 | Investigar | Conscription |
Cronología de la partida
| 1:43 | edixozambrano94 · first_building Dock |
| 1:52 | Doraso Troncoso de Elite · first_building Dock |
| 4:18 | chin chu lin · first_building Dock |
| 5:10 | Yoda · first_building Dock |
| 8:58 | Yoda · wall_segment Palisade Wall x1 |
| 9:01 | Yoda · wall_segment Palisade Wall x1 |
| 9:03 | Yoda · wall_segment Palisade Wall x1 |
| 9:09 | Yoda · wall_segment Palisade Wall x1 |
| 9:12 | Yoda · wall_segment Palisade Wall x1 |
| 12:33 | edixozambrano94 · first_building Barracks |
| 12:38 | chin chu lin · first_building Barracks |
| 13:07 | Yoda · first_building Barracks |
| 13:54 | chin chu lin · age_up feudal |
| 14:11 | Yoda · age_up feudal |
| 14:13 | Yoda · first_building Stable |
| 14:18 | Doraso Troncoso de Elite · age_up feudal |
| 14:29 | edixozambrano94 · age_up feudal |
| 14:47 | edixozambrano94 · first_building Archery Range |
| 17:22 | Doraso Troncoso de Elite · first_building Barracks |
| 17:43 | chin chu lin · first_building Stable |
| 19:24 | Doraso Troncoso de Elite · first_building Archery Range |
| 21:19 | edixozambrano94 · age_up castle |
| 21:20 | chin chu lin · age_up castle |
| 23:00 | chin chu lin · wall_segment Stone Wall x6 |
| 23:24 | Yoda · wall_segment Stone Wall x7 |
| 23:28 | Yoda · age_up castle |
| 23:31 | Doraso Troncoso de Elite · age_up castle |
| 23:31 | Yoda · first_building Monastery |
| 24:30 | Doraso Troncoso de Elite · first_building Castle |
| 24:39 | Yoda · wall_segment Stone Wall x2 |
| 24:44 | Doraso Troncoso de Elite · first_building Siege Workshop |
| 25:11 | chin chu lin · wall_segment Stone Wall x6 |
| 25:35 | edixozambrano94 · first_market_sell 100 food |
| 25:38 | edixozambrano94 · first_market_buy 100 stone |
| 25:43 | Yoda · wall_segment Stone Wall x4 |
| 26:14 | Yoda · wall_segment Stone Wall x1 |
| 27:12 | edixozambrano94 · first_building Siege Workshop |
| 27:57 | Yoda · wall_segment Stone Wall x8 |
| 28:56 | chin chu lin · first_building Siege Workshop |
| 29:57 | edixozambrano94 · first_building Stable |
| 30:19 | Yoda · wall_segment Stone Wall x2 |
| 30:31 | edixozambrano94 · first_building Castle |
| 31:42 | Yoda · first_building Castle |
| 33:35 | Yoda · first_market_buy 100 food |
| 33:36 | Yoda · first_market_sell 100 food |
| 35:08 | chin chu lin · first_building Castle |
| 36:44 | Yoda · first_building Siege Workshop |
| 38:13 | chin chu lin · first_market_sell 500 stone |
| 38:15 | Doraso Troncoso de Elite · age_up imperial |
| 39:19 | chin chu lin · first_market_buy 100 stone |
| 40:09 | Yoda · age_up imperial |
| 41:22 | Yoda · wall_segment Stone Wall x1 |
| 46:59 | Yoda · tribute_sent a jugador 1 |
| 46:59 | Yoda · tribute_sent a jugador 2 |
| 46:59 | Yoda · tribute_sent a jugador 4 |
| 58:48 | Yoda · resign |
[ ANÁLISIS IA · 1 CRÉDITO ]
¿Qué pasó realmente en esta partida?
Wolo.gg analiza cada decisión: build order, eco, micro, errores típicos por bracket. Análisis personalizado por WhatsApp o Discord en 30 segundos.
Guía civ
Persas
Perfil
chin chu lin